 Dungeon Crawl Stone Soup version 0.18.1-50-g88ac8fd (webtiles) character file.

121 magog001 the Skirmisher (level 5, -5/46 HPs)
             Began as a Hill Orc Fighter on Sept 3, 2018.
             Killed by divine providence
             ... invoked by an orc priest
              (15 damage)
             ... on level 3 of the Dungeon.
             The game lasted 00:12:58 (2470 turns).

magog001 the Skirmisher (Hill Orc Fighter)          Turns: 2470, Time: 00:13:01

Health: -5/46      AC:  9    Str: 20    XL:     5   Next: 5%
Magic:  5/5        EV:  7    Int:  8    God:
Gold:   90         SH:  9    Dex: 10    Spells: 0 memorised, 4 levels left

rFire  . . .     SeeInvis .     a - +0 war axe
rCold  . . .     Gourm    .     b - +0 scale mail
rNeg   . . .     Faith    .     c - +0 shield
rPois  .         Spirit   .     p - +0 helmet
rElec  .         Dismiss  .     g - +0 cloak
rCorr  .         Reflect  .     (no gloves)
SustAt .         Harm     .     (no boots)
MR     .....                    (no amulet)
Stlth  ..........               (no ring)
                                (no ring)

@: drained, not resistant to hostile enchantments, extremely unstealthy
A: no striking features
a: Convert to Beogh


You were on level 3 of the Dungeon.
You were not hungry.

You visited 1 branch of the dungeon, and saw 3 of its levels.

You collected 90 gold pieces.

Inventory:

Hand Weapons
 a - a +0 war axe (weapon)
 j - a +0 dagger of venom
 m - a +2 mace of draining
Armour
 b - a +0 scale mail (worn)
 c - a +0 shield (worn)
 g - a +0 cloak (worn)
 p - a +0 helmet (worn)
Scrolls
 e - a scroll of magic mapping {unknown}
 h - 3 scrolls of fear {unknown}
 k - a scroll of enchant armour {unknown}
 n - a scroll of remove curse
 r - a scroll of noise {unknown}
Potions
 d - a potion of might
 i - a potion of agility {unknown}
 l - a potion of brilliance {unknown}
Comestibles
 f - 2 bread rations
 o - a slice of pizza
 q - 6 chunks of flesh


   Skills:
 * Level 4.3(3.6) Fighting
 * Level 3.7(3.1) Axes
 * Level 4.1(3.5) Armour
 + Level 0.5(0.0) Dodging
 + Level 0.1(0.0) Stealth
 * Level 4.3(3.6) Shields


You had 4 spell levels left.
You didn't know any spells.

Dungeon Overview and Level Annotations

Branches:
Dungeon (3/15)

Altars:
Elyvilon


Message History

You hit the orc.
The orc is lightly wounded.
The orc priest invokes the aid of Beogh against you.
Beogh smites you! You block the orc's attack.
Unknown command.
You closely miss the orc.
The orc is lightly wounded.
You block the orc's attack.
You see here a tomahawk.
The orc barely misses you.
The orc priest miscasts a cantrip.
The orc hits you but does no damage.
You closely miss the orc priest. You closely miss the orc.
The orc hits you with a club.
* * * LOW HITPOINT WARNING * * *
The orc priest hits you but does no damage.
You block the orc's attack.
The orc priest invokes the aid of Beogh against you.
Beogh smites you!
You die...

#.# ##.# #.#
...# #.# ...
#.# o. #.# # #
#o #.#
...#.#.## ##.#
#......#####o.#
#......((.(o@.#
##>....########
#<.#.## #.
##.##.###
#.##.......
......#.#
.......#
#...#.#
####...#.#


You could see an orc priest and an orc.

Vanquished Creatures
  Robin (D:2)
  3 adders (D:2)
  An ooze (D:1)
  3 worms
  2 dart slugs (D:1)
  3 giant geckos
  2 orcs (D:3)
  5 giant cockroaches
  12 goblins
  3 hobgoblins
  6 jackals (D:3)
  3 kobolds
  A quokka (D:3)
  4 bats
  5 giant newts
  3 rats
57 creatures vanquished.

Notes
Turn   | Place    | Note
--------------------------------------------------------------
     0 | D:1      | magog001 the Hill Orc Fighter began the quest for the Orb.
     0 | D:1      | Reached XP level 1. HP: 19/19 MP: 1/1
   198 | D:1      | Reached XP level 2. HP: 27/27 MP: 2/2
   817 | D:1      | Reached XP level 3. HP: 33/33 MP: 3/3
  1354 | D:2      | Found a white marble altar of Elyvilon.
  1485 | D:2      | Noticed Robin
  1509 | D:2      | Killed Robin
  1509 | D:2      | Reached XP level 4. HP: 17/40 MP: 4/4
  2338 | D:3      | Reached XP level 5. HP: 43/46 MP: 5/5
  2470 | D:3      | Killed from afar by an orc priest

Skill      XL: |  1  2  3 |
---------------+----------+-----
Axes           | 3 |  3.7
Fighting       | 4 |  4.3
Armour         | 4 |  4.1
Shields        | 4 |  4.3
Dodging        | |  0.5
Stealth        | |  0.1

Action                   |  1- 3 |  4- 6 || total
-------------------------+-------+-------++-------
Melee: War axe           |   109 |    99 ||   208
  Use: Scroll            |     1 |       ||     1
  Eat: Chunk             |     1 |     3 ||     4
       Beef jerky        |     1 |       ||     1
Armor: Scale mail        |    73 |    51 ||   124
Dodge: Dodged            |    41 |    34 ||    75
Block: Shield            |    74 |    64 ||   138
